NWL (28 & UNDER)
BISMARK BORDER GUARDS @ BISMARCK BARONS
08/08/2027
 
TOP OF THE 1ST
Bismark Border Guards batting - Pitching for Bismarck Barons : LHP Christiano Gomes
Pitching: LHP Christiano Gomes
Batting: SHB Júlio Romano 0-0: Called Strike
0-1: Ball
1-1: Ball
2-1: Ball
3-1: Base on Balls
Batting: RHB Vincent Braun 0-0: Ball
1-0: Ball
2-0: Called Strike
2-1: Ball
3-1: Fly out, F5 (Popup, 5L)
Batting: RHB Danny Spode 0-0: Ball
Júlio Romano is caught stealing 2nd base
1-0: Ball
2-0: Called Strike
2-1: SINGLE (Line Drive, 78M)
Batting: RHB Enrique Soto 0-0: Called Strike
0-1: Called Strike
0-2: Ball
1-2: Strikes out swinging
Top of the 1st over - 0 run(s), 1 hit(s), 0 error(s), 1 left on base; Bismark 0 - Bismarck 0
BOTTOM OF THE 1ST
Bismarck Barons batting - Pitching for Bismark Border Guards : RHP Esteban Corona
Pitching: RHP Esteban Corona
Batting: SHB Álex Hernández 0-0: Called Strike
0-1: Fly out, F7 (Flyball, 78S)
Batting: LHB Manny Salazar 0-0: Ball
1-0: Swinging Strike
1-1: Ball
2-1: Called Strike
2-2: Strikes out swinging
Batting: RHB Michael Thomas 0-0: Ball
1-0: Foul Ball, location: 2F
1-1: Fly out, F5 (Line Drive, 5)
Bottom of the 1st over - 0 run(s), 0 hit(s), 0 error(s), 0 left on base; Bismark 0 - Bismarck 0
TOP OF THE 2ND
Bismark Border Guards batting - Pitching for Bismarck Barons : LHP Christiano Gomes
Batting: RHB Sergio Solíz 0-0: Ground out 3-1 (Groundball, 34)
Batting: RHB Jacob Hill 0-0: Ball
1-0: Foul Ball, location: 2F
1-1: Called Strike
1-2: Foul Ball, location: 2F
1-2: Ball
2-2: Ball
3-2: Ground out 1-3 (Groundball, P)
Batting: RHB Alfredo Farías 0-0: Called Strike
0-1: Ball
1-1: Ball
2-1: Foul Ball, location: 2F
2-2: Foul Ball, location: 2F
2-2: SINGLE (Groundball, 6MD)
Pitching: RHP Tim Horton
Batting: RHB Reynaldo Slomp 0-0: Ball
1-0: Called Strike
1-1: Ball
2-1: Ball
3-1: Called Strike
3-2: Foul Ball, location: 2F
3-2: Base on Balls
Alfredo Farías to second
Batting: RHB António Martínez 0-0: Ball
1-0: Ball
2-0: Ball
3-0: Called Strike
3-1: Base on Balls
Alfredo Farías to third
Reynaldo Slomp to second
Batting: SHB Júlio Romano 0-0: Swinging Strike
0-1: Swinging Strike
0-2: Strikes out swinging
Top of the 2nd over - 0 run(s), 1 hit(s), 0 error(s), 3 left on base; Bismark 0 - Bismarck 0
BOTTOM OF THE 2ND
Bismarck Barons batting - Pitching for Bismark Border Guards : RHP Esteban Corona
Batting: LHB José Martínez 0-0: Called Strike
0-1: Ball
1-1: Foul Ball, location: 2F
1-2: Ball
2-2: Foul Ball, location: 2F
2-2: Ball
3-2: Foul Ball, location: 2F
3-2: Ground out 6-3 (Groundball, 6)
Batting: RHB Esteban Lara 0-0: Swinging Strike
0-1: Foul Ball, location: 2F
0-2: Strikes out swinging
Batting: LHB Jesús Bueno 0-0: Ball
1-0: Foul Ball, location: 2F
1-1: Ball
2-1: Ball
3-1: Called Strike
3-2: Base on Balls
Batting: SHB Jeff Chambers 0-0: Called Strike
0-1: Ball
1-1: Ball
2-1: Foul Ball, location: 2F
2-2: Ball
3-2: Foul Ball, location: 2F
3-2: Base on Balls
Jesús Bueno to second
Batting: RHB Fernando Castellanos 0-0: Swinging Strike
0-1: Swinging Strike
0-2: Strikes out swinging
Bottom of the 2nd over - 0 run(s), 0 hit(s), 0 error(s), 2 left on base; Bismark 0 - Bismarck 0
TOP OF THE 3RD
Bismark Border Guards batting - Pitching for Bismarck Barons : RHP Tim Horton
Batting: RHB Vincent Braun 0-0: Ground out 5-3 (Groundball, 5)
Batting: RHB Danny Spode 0-0: Fly out, F7 (Flyball, 7S)
Batting: RHB Enrique Soto 0-0: Called Strike
0-1: Ball
1-1: Ball
2-1: Ground out 6-3 (Groundball, 6)
Top of the 3rd over - 0 run(s), 0 hit(s), 0 error(s), 0 left on base; Bismark 0 - Bismarck 0
BOTTOM OF THE 3RD
Bismarck Barons batting - Pitching for Bismark Border Guards : RHP Esteban Corona
Batting: RHB Pancho Torres 0-0: Foul Ball, location: 2F
0-1: Fly out, F8 (Flyball, 8RS)
Batting: SHB Álex Hernández 0-0: Ball
1-0: Called Strike
1-1: Ball
2-1: Called Strike
2-2: SINGLE (Line Drive, 8RS)
Batting: LHB Manny Salazar 0-0: Ball
1-0: Called Strike
1-1: Ball
2-1: Foul Ball, location: 2F
2-2: Strikes out swinging
Batting: RHB Michael Thomas 0-0: Ball
Álex Hernández is caught stealing 2nd base
Bottom of the 3rd over - 0 run(s), 1 hit(s), 0 error(s), 0 left on base; Bismark 0 - Bismarck 0
TOP OF THE 4TH
Bismark Border Guards batting - Pitching for Bismarck Barons : RHP Tim Horton
Batting: RHB Sergio Solíz 0-0: SINGLE (Line Drive, 6MD)
Batting: RHB Jacob Hill 0-0: Ball
1-0: Ball
2-0: SINGLE (Line Drive, 7LM)
Sergio Solíz to second
Batting: RHB Alfredo Farías 0-0: Ball
1-0: Ball
2-0: Swinging Strike
2-1: Ball
3-1: Base on Balls
Sergio Solíz to third
Jacob Hill to second
Batting: RHB Reynaldo Slomp 0-0: Ball
1-0: Foul Ball, location: 2F
1-1: Ball
2-1: Foul Ball, location: 2F
2-2: Foul Ball, location: 2F
2-2: Foul Ball, location: 2F
2-2: SINGLE (Groundball, 56D)
Sergio Solíz scores
Jacob Hill to third
Alfredo Farías to second
Batting: RHB António Martínez 0-0: Swinging Strike
0-1: Ball
1-1: Swinging Strike
1-2: SINGLE (Line Drive, 7LM)
Jacob Hill scores
Alfredo Farías to third
Reynaldo Slomp to second
Runner from 3rd tries for Home, SAFE, no throw
Batting: SHB Júlio Romano 0-0: Grounds into double play, 6-4-3 (Groundball, 6)
Reynaldo Slomp to third
Batting: RHB Vincent Braun 0-0: Ball
1-0: Called Strike
1-1: Ball
2-1: Ball
3-1: Foul Ball, location: 2F
3-2: Strikes out swinging, 2-3 out at first.
Top of the 4th over - 3 run(s), 4 hit(s), 0 error(s), 1 left on base; Bismark 3 - Bismarck 0
BOTTOM OF THE 4TH
Bismarck Barons batting - Pitching for Bismark Border Guards : RHP Esteban Corona
Batting: RHB Michael Thomas 0-0: Ball
1-0: Called Strike
1-1: Fly out, F8 (Flyball, 8LS)
Batting: LHB José Martínez 0-0: Called Strike
0-1: Foul Ball, location: 2F
0-2: Ball
1-2: Foul Ball, location: 2F
1-2: Ball
2-2: Foul Ball, location: 2F
2-2: Ball
3-2: Ground out 4-3 (Groundball, 4)
Batting: RHB Esteban Lara 0-0: Called Strike
0-1: Ball
1-1: Ball
2-1: SINGLE (Groundball, 5D)
Batting: LHB Jesús Bueno 0-0: Ball
1-0: Called Strike
1-1: Called Strike
1-2: Foul Ball, location: 2F
1-2: Strikes out swinging
Bottom of the 4th over - 0 run(s), 1 hit(s), 0 error(s), 1 left on base; Bismark 3 - Bismarck 0
TOP OF THE 5TH
Bismark Border Guards batting - Pitching for Bismarck Barons : RHP Tim Horton
Batting: RHB Danny Spode 0-0: Ball
1-0: Called Strike
1-1: Ball
2-1: Fly out, F6 (Popup, 6D)
Batting: RHB Enrique Soto 0-0: Called Strike
0-1: Ball
1-1: Ball
2-1: Ball
3-1: Base on Balls
Batting: RHB Sergio Solíz 0-0: Fly out, F9 (Flyball, 9S)
Batting: RHB Jacob Hill 0-0: Ball
1-0: Fielders Choice at 2nd, 5-4 (Groundball, 56)
Top of the 5th over - 0 run(s), 0 hit(s), 0 error(s), 0 left on base; Bismark 3 - Bismarck 0
BOTTOM OF THE 5TH
Bismarck Barons batting - Pitching for Bismark Border Guards : RHP Esteban Corona
Batting: SHB Jeff Chambers 0-0: Ball
1-0: Called Strike
1-1: Ball
2-1: Ball
3-1: Base on Balls
Pitching: RHP Jeff Alexander
Batting: RHB Fernando Castellanos 0-0: Ball
1-0: Called Strike
1-1: Ball
2-1: SINGLE (Groundball, 4MD)
Jeff Chambers to second
Runner from 2nd tries for 3rd, SAFE, throw made to third
Batting: RHB Pancho Torres 0-0: Swinging Strike
0-1: Ball
1-1: Swinging Strike
1-2: Ball
2-2: Strikes out swinging
Batting: SHB Álex Hernández 0-0: Foul Ball, location: 2F
0-1: Ground out U3 (Groundball, 34S)
Jeff Chambers scores
Fernando Castellanos to second
Batting: LHB Manny Salazar 0-0: Foul Ball, location: 2F
0-1: Ball
1-1: Ball
2-1: Swinging Strike
2-2: Ball
3-2: Strikes out swinging
Bottom of the 5th over - 1 run(s), 1 hit(s), 0 error(s), 1 left on base; Bismark 3 - Bismarck 1
TOP OF THE 6TH
Bismark Border Guards batting - Pitching for Bismarck Barons : RHP Tim Horton
Batting: RHB Alfredo Farías 0-0: Ball
1-0: Swinging Strike
1-1: Ball
2-1: Swinging Strike
2-2: Ground out 1-3 (Groundball, 13)
Batting: RHB Reynaldo Slomp 0-0: SOLO HOME RUN (Flyball, 7LD), Distance : 311 ft
Pitching: RHP Edgar Villa
Batting: RHB António Martínez 0-0: Called Strike
0-1: Ball
1-1: Reached on error, E6 (Groundball, 6S)
Batting: SHB Júlio Romano 0-0: Ball
1-0: Ball
2-0: Ball
3-0: Base on Balls
Batting: RHB Vincent Braun 0-0: Ball
1-0: Ball
António Martínez steals 3rd base
Júlio Romano to second
2-0: Ball
3-0: Called Strike
3-1: Foul Ball, location: 2F
3-2: Strikes out looking
Batting: RHB Danny Spode 0-0: Ball
1-0: SINGLE (Line Drive, 7S)
António Martínez scores
Júlio Romano to third
Runner from 3rd tries for Home, throw and OUT!
Top of the 6th over - 2 run(s), 2 hit(s), 1 error(s), 1 left on base; Bismark 5 - Bismarck 1
BOTTOM OF THE 6TH
Bismarck Barons batting - Pitching for Bismark Border Guards : RHP Jeff Alexander
Batting: RHB Michael Thomas 0-0: Ball
1-0: Ball
2-0: Called Strike
2-1: Ball
3-1: Foul Ball, location: 2F
3-2: Foul Ball, location: 2F
3-2: Base on Balls
Batting: LHB José Martínez 0-0: Foul Ball, location: 2F
0-1: Ball
1-1: Ball
Wild Pitch!
Michael Thomas to second
2-1: Foul Ball, location: 2F
2-2: SINGLE (Line Drive, 56D)
Michael Thomas to third
Runner from 3rd tries for Home, SAFE, no throw
Batting: RHB Esteban Lara 0-0: Foul Ball, location: 2F
0-1: Ball
1-1: Ball
2-1: Ball
3-1: Base on Balls
José Martínez to second
Batting: LHB Jesús Bueno 0-0: Foul Ball, location: 2F
0-1: Ball
1-1: Swinging Strike
1-2: Strikes out swinging
Batting: SHB Jeff Chambers 0-0: Called Strike
0-1: Foul Ball, location: 2F
0-2: Foul Ball, location: 2F
0-2: Ball
1-2: Foul Ball, location: 2F
1-2: Ball
2-2: Foul Ball, location: 2F
2-2: Foul Ball, location: 2F
2-2: Grounds into double play, 4-6-3 (Groundball, 4)
Bottom of the 6th over - 1 run(s), 1 hit(s), 0 error(s), 1 left on base; Bismark 5 - Bismarck 2
TOP OF THE 7TH
Bismark Border Guards batting - Pitching for Bismarck Barons : RHP Edgar Villa
Batting: RHB Enrique Soto 0-0: Swinging Strike
0-1: Swinging Strike
0-2: Ball
1-2: Strikes out swinging
Batting: RHB Sergio Solíz 0-0: Swinging Strike
0-1: Swinging Strike
0-2: Strikes out swinging
Batting: RHB Jacob Hill 0-0: Called Strike
0-1: Ground out 5-3 (Groundball, 56)
Top of the 7th over - 0 run(s), 0 hit(s), 0 error(s), 0 left on base; Bismark 5 - Bismarck 2
BOTTOM OF THE 7TH
Bismarck Barons batting - Pitching for Bismark Border Guards : RHP Jeff Alexander
Batting: RHB Fernando Castellanos 0-0: Called Strike
0-1: Ball
1-1: Called Strike
1-2: Ground out 5-3 (Groundball, 56)
Pitching: LHP Michael Manning
Batting: RHB Pancho Torres 0-0: Ground out 5-3 (Groundball, 5)
Batting: SHB Álex Hernández 0-0: Ball
1-0: Ball
2-0: Called Strike
2-1: Swinging Strike
2-2: Foul Ball, location: 2F
2-2: Ball
3-2: Strikes out swinging
Bottom of the 7th over - 0 run(s), 0 hit(s), 0 error(s), 0 left on base; Bismark 5 - Bismarck 2
TOP OF THE 8TH
Bismark Border Guards batting - Pitching for Bismarck Barons : RHP Edgar Villa
Batting: RHB Alfredo Farías 0-0: Swinging Strike
0-1: Ball
1-1: Fly out, F6 (Line Drive, 6)
Batting: RHB Reynaldo Slomp 0-0: Called Strike
0-1: Foul Ball, location: 2F
0-2: Fly out, F6 (Popup, 6MS)
Batting: RHB António Martínez 0-0: Ball
1-0: Called Strike
1-1: Foul Ball, location: 2F
1-2: Ball
2-2: Strikes out looking
Top of the 8th over - 0 run(s), 0 hit(s), 0 error(s), 0 left on base; Bismark 5 - Bismarck 2
BOTTOM OF THE 8TH
Bismarck Barons batting - Pitching for Bismark Border Guards : LHP Michael Manning
Now at C: Rodrigo García
Batting: LHB Manny Salazar 0-0: Ball
1-0: SINGLE (Groundball, 5D)
Batting: RHB Michael Thomas 0-0: Called Strike
0-1: Ball
1-1: Ball
2-1: Fielders Choice at 2nd, 4-6 (Groundball, 4)
Batting: LHB José Martínez 0-0: Called Strike
0-1: 2-RUN HOME RUN (Flyball, 89XD), Distance : 392 ft
Pitching: RHP Nick Clark
Batting: RHB Esteban Lara 0-0: Called Strike
0-1: Ground out 1-3 (Groundball, 13S)
Batting: LHB Jesús Bueno 0-0: Called Strike
0-1: Called Strike
0-2: Ball
1-2: Ball
2-2: Ball
3-2: Base on Balls
Pinch Runner at 1st Enrique Gasporra:
Batting: SHB Jeff Chambers 0-0: Foul Ball, location: 2F
0-1: Ball
1-1: Foul Ball, location: 2F
1-2: Ball
2-2: Foul Ball, location: 2F
Pickoff Throw to First - Out!
Bottom of the 8th over - 2 run(s), 2 hit(s), 0 error(s), 0 left on base; Bismark 5 - Bismarck 4
TOP OF THE 9TH
Bismark Border Guards batting - Pitching for Bismarck Barons : RHP Edgar Villa
Pitching: RHP Wilson Molina
Now in RF: Jon Krohne
Batting: SHB Júlio Romano 0-0: SINGLE (Groundball, 4D)
Batting: RHB Vincent Braun 0-0: Ball
1-0: Ball
2-0: Ball
3-0: Called Strike
3-1: Base on Balls
Júlio Romano to second
Pinch Hitting: RHB Jeremiah Soto 0-0: Grounds out, U3 (Groundball, 3L)
Júlio Romano to third
Pinch Hitting: LHB Norbert Mosley 0-0: Foul Ball, location: 2F
0-1: Ball
1-1: Swinging Strike
1-2: Strikes out swinging
Batting: RHB Sergio Solíz 0-0: Ball
1-0: Ball
2-0: SINGLE (Flyball, 4D)
Júlio Romano scores
Vincent Braun to third
Runner from 3rd tries for Home, SAFE, no throw
Batting: RHB Jacob Hill 0-0: Called Strike
Sergio Solíz steals 2nd base
0-1: Ball
1-1: Called Strike
1-2: Ball
2-2: Foul Ball, location: 2F
2-2: Ground out 5-3 (Groundball, 5L)
Top of the 9th over - 2 run(s), 2 hit(s), 0 error(s), 1 left on base; Bismark 7 - Bismarck 4
BOTTOM OF THE 9TH
Bismarck Barons batting - Pitching for Bismark Border Guards : RHP Nick Clark
Pitching: RHP César Rodríguez
Now at 3B: Manuel Pérez
Now in RF: Jeremiah Soto
Batting: SHB Jeff Chambers 0-0: Called Strike
0-1: Foul Ball, location: 2F
0-2: Ball
1-2: Foul Ball, location: 2F
1-2: Ball
2-2: Ball
3-2: Base on Balls
Batting: RHB Fernando Castellanos 0-0: Ball
1-0: Ball
2-0: Fly out, F9 (Flyball, 9)
Batting: RHB Pancho Torres 0-0: Ball
1-0: Ball
2-0: Fly out, F3 (Popup, 3S)
Batting: SHB Álex Hernández 0-0: Called Strike
0-1: Swinging Strike
0-2: Strikes out swinging
Bottom of the 9th over - 0 run(s), 0 hit(s), 0 error(s), 1 left on base; Bismark 7 - Bismarck 4
Thursday, March 30th, 2017 - OOTP Baseball 17.12 Build 75